AoeStats
← poruba15

Pilgrims

509955286Analyzed
2v2 RM · 3d ago on Sep 28, 2026· 49m 48s· 4 players
Game mode
Random Map
Map size
Medium (4 player)
Population
200
Speed
Normal
Resources
Standard
Victory
Conquest
Starting age
Dark Age
Ending age
Imperial Age
RankedLock teamsTeams togetherTeam positionsShared explorationLock speedFull tech treeHidden civsTurbo modeCheats
Victory
Defeat
🇭🇷 Varangians · Croatia
852
+18
🇭🇷 Georgians · Croatia
850
+18
🇨🇿 Teutons · Czechia
921
-19
🇬🇧 Chinese · United Kingdom
880
-17
poruba15
6:06 Loom
16:24 Feudal Age
17:43 Double-Bit Axe
22:05 Castle Age
20:12 Horse Collar
24:10 Stone Mining
28:10 Gold Mining
28:46 Heavy Plow
29:36 Stone Shaft Mining
33:04 Imperial Age
32:28 Bow Saw
43:43 Wheelbarrow
42:53 Town Watch
47:05 Two-Man Saw
t.f.blanchard
8:23 Loom
11:55 Feudal Age
12:45 Double-Bit Axe
16:29 Fletching
18:48 Castle Age
19:41 Crossbowman
21:13 Scale Mail Armor
21:47 Arson
22:19 Forging
24:16 Horse Collar
31:23 Thumb Ring
38:32 Bodkin Arrow
38:53 Chain Mail Armor
42:49 Imperial Age
44:41 Capped Ram
46:39 Gold Mining
46:13 Elite Fire Lancer
47:01 Elite Chu Ko Nu
48:15 Bracer
B-Matt
12:48 Feudal Age
14:06 Fishing Lines
16:00 Bloodlines
16:13 Forging
15:55 Double-Bit Axe
19:44 Castle Age
21:29 Bow Saw
23:37 Wheelbarrow
23:00 Gold Mining
23:36 Scale Barding Armor
23:53 Gillnets
23:52 Light Cavalry
26:30 Horse Collar
27:03 Town Watch
27:41 Fletching
28:11 Heavy Plow
30:08 Chain Barding Armor
30:27 Bodkin Arrow
30:55 Ballistics
30:17 Treadmill Crane
30:36 Murder Holes
33:52 Iron Casting
43:08 Imperial Age
40:12 Crossbowman
42:06 Padded Archer Armor
44:23 Conscription
49:15 Elite Skirmisher
Hitman
11:20 Feudal Age
11:48 Double-Bit Axe
11:50 Fishing Lines
19:14 Castle Age
18:44 Horse Collar
19:12 Gold Mining
19:14 Stone Mining
21:29 Wheelbarrow
21:03 Squires
21:39 Bow Saw
22:29 Bloodlines
22:25 Husbandry
24:24 Gillnets
28:04 Fervor
28:34 Ballistics
29:08 Hand Cart
29:54 Fletching
30:12 Scale Barding Armor
30:54 Vendel Legacy
35:39 Imperial Age
35:31 Bodkin Arrow
35:46 Forging
35:39 Scale Mail Armor
35:59 Chain Barding Armor
35:51 Crossbowman
36:58 Conscription
41:05 Chemistry
39:31 Cavalier
41:40 Heavy Plow
42:47 Two-Man Saw
45:59 Gothikon
47:42 Elite Varangian Guard
48:00 Pikeman
49:03 Elite Skirmisher
49:10 Cranequins
49:11 Heavy Mounted Crossbowman
50:16 Bracer
50:51 Iron Casting
50:32 Chain Mail Armor
50:55 Crop Rotation
Connection lost

Rejoining the realm…

Still unreachable

The connection could not be restored.

Session expired

The server has moved on; the page needs a fresh start.